 Dungeon Crawl Stone Soup version 0.19-a0-1792-g28b16ba (webtiles) character file.

21 Amnesiac the Magician (level 2, -3/19 HPs)
             Began as a Mummy Wizard on Oct 4, 2016.
             Slain by a leopard gecko (5 damage)
             ... on level 2 of the Dungeon.
             The game lasted 00:01:13 (667 turns).

Amnesiac the Magician (Mummy Wizard)                 Turns: 667, Time: 00:01:13

Health: -3/19      AC:  3    Str: 10    XL:     2   Next: 65%
Magic:  0/6        EV: 12    Int: 17    God:
Gold:   39         SH:  0    Dex: 10    Spells: 2 memorised, 5 levels left

rFire  x . .     SeeInvis .     d - +0 hand axe
rCold  + . .     Gourm    .     a - +0 robe
rNeg   + + +     Faith    .     (no shield)
rPois  ∞         Spirit   .     b - +1 hat
rElec  .         Dismiss  .     (no cloak)
rCorr  .         Reflect  .     (no gloves)
MR     .....     Harm     .     (no boots)
Stlth  ++........               (no amulet)
                                (no ring)
                                (no ring)

@: very slightly contaminated
A: no food or potions, fire vulnerability, cold resistance 1, negative energy
resistance 3, torment resistance, unbreathing
a: no special abilities


You were on level 2 of the Dungeon.
You were not hungry.

You visited 1 branch of the dungeon, and saw 2 of its levels.

You collected 39 gold pieces.

Inventory:

Hand Weapons
 d - a +0 hand axe (weapon)
Armour
 a - a +0 robe (worn)
 b - a +1 hat (worn)
Books
 c - a book of Minor Magic

   Spells                             Type                      Level
   a - Magic Dart                     Conjuration                  1
   b - Blink                          Translocation                2
   c - Call Imp                       Summoning                    2
   d - Repel Missiles                 Charms/Air                   2
   e - Slow                           Hexes                        2
   f - Conjure Flame                  Conjuration/Fire             3
   g - Mephitic Cloud                 Conjuration/Poison/Air       3


   Skills:
 - Level 1.5 Dodging
 - Level 1.5 Stealth
 + Level 3.7 Spellcasting
 - Level 1.0 Conjurations
 - Level 0.7 Summonings
   Level 0.7 Translocations


You had 5 spell levels left.
You knew the following spells:

 Your Spells              Type           Power        Failure   Level  Hunger
d - Call Imp              Summ           #.......     21%         2    N/A
f - Magic Dart            Conj           #...         12%         1    N/A

Dungeon Overview and Level Annotations

Branches:
Dungeon (2/15)

Altars:


Innate Abilities, Weirdness & Mutations

You do not eat or drink.
Your flesh is vulnerable to fire.
You are immune to poison.
Your flesh is cold resistant. (rC+)
You are immune to negative energy. (rN+++)
You are immune to unholy pain and torment.
You can survive without breathing.


Message History

The leopard gecko bites you.
Casting: Call Imp
Confirm with . or Enter, or press ? or * to list all spells.
You miscast Call Imp.
Nothing appears to happen.
The leopard gecko barely misses you.
Casting: Call Imp
Confirm with . or Enter, or press ? or * to list all spells.
You miscast Call Imp.
Nothing appears to happen.
The leopard gecko bites you.
* * * LOW HITPOINT WARNING * * *
The leopard gecko bites you.
* * * LOW HITPOINT WARNING * * *
Okay, then.
Firing (i - inventory): No suitable missiles.
Press: ? - help, Shift-Dir - straight line, f - you
Okay, then.
Unknown command.
As you read the scroll labeled TUEW DYJORAXO, it crumbles to dust.
It is a scroll of enchant armour.
Your +0 hat glows green for a moment.
The leopard gecko bites you.
You die...

### .#######.. .
....#....# ##..
###...#.. ....#
##.......#.....#
#.....#.@..#
#.l#### #.....!#
#.####.# #.. ..
#.. .# ...# #
.###


You could see a leopard gecko.

Vanquished Creatures
  An adder (D:1)
  A ball python (D:1)
  2 bats (D:1)
  4 goblins (D:1)
  A hobgoblin (D:1)
  2 frilled lizards (D:1)
  2 rats (D:1)
13 creatures vanquished.

Vanquished Creatures (collateral kills)
  A dart slug (D:1)
1 creature vanquished.

Grand Total: 14 creatures vanquished

Notes
Turn   | Place    | Note
-------+----------+-------------------------------------------
     0 | D:1      | Amnesiac the Mummy Wizard began the quest for the Orb.
     0 | D:1      | Reached XP level 1. HP: 13/13 MP: 4/4
    20 | D:1      | Reached skill level 1 in Conjurations
   175 | D:1      | Reached XP level 2. HP: 19/19 MP: 6/6
   529 | D:1      | Learned a level 2 spell: Call Imp
   667 | D:2      | Slain by a leopard gecko

Vault maps used:
D:1:      scummos_arrival_star
D:2:      minmay_joined_circles, uniq_natasha

Skill      XL: |  1 |
---------------+----+-----
Conjurations   | 1 |  1.0
Dodging        | |  1.5
Stealth        | |  1.5
Spellcasting   | |  3.7
Summonings     | |  0.7
Translocations | |  0.7

Action                   || total
-------------------------++-------
Melee: Hand axe          ||    18
 Cast: Magic Dart        ||     7
       Call Imp          ||     2
  Use: Scroll            ||     2
Armor: Robe              ||     6
Dodge: Dodged            ||    21
